[Event "Live Chess"]
[Site "Chess.com"]
[Date "2024.06.02"]
[Round "-"]
[White "ZatixMajor"]
[Black "JohanKjeldahl"]
[Result "0-1"]
[WhiteElo "2044"]
[BlackElo "1810"]
[TimeControl "300"]
[EndTime "8:40:43 PDT"]
[Termination "JohanKjeldahl won by resignation"]

1. c4 e5 2. g3 Nf6 3. Bg2 Nc6 4.
Nc3 d6 5. Nf3 g6 6. d4 exd4 7.
Nd5 Bg7 8. Bg5 Be6 9. Nxd4 Nxd4 10. Qxd4 Bxd5 11. cxd5 h6 12. Qa4+ Qd7 13. Qxd7+ Kxd7 14. Bd2 Rhe8 15. e3 Ne4 16. Bxe4 Rxe4 17. O-O Rae8 18.
Rac1 Bxb2 19. Rb1 Ba3 20. Rxb7 Bc5 21. Ba5 Bb6 22. Bxb6 axb6 23. Rc1 Rc8 24. Rc6 Kd8 25. Kg2 Ra4 26. Rc2 f5 27. Kf3 Ra5 28. e4 fxe4+ 29. Kxe4 Kd7 30. f4 Re8+ 31. Kf3 Rc5 32. Rd2 h5 33. Kg2 Re1 34. Kh3 Ra5 35. Kh4 Kc8 36.
Rxc7+ Kxc7 37. Kg5 Ra1 38. Re2 Rxd5+ 39. Kxg6 h4 40. gxh4 Rg1+ 41. Kf6 Rg4 42. f5 Rf4 43. Rc2+ Kd7 44. Rg2 Rdxf5+ 45. Kg6 Rf6+ 46. Kg5 R4f5+ 47. Kg4 Rf1 48. h5 Rf8 49. h6 Rg8+ 0-1

[Event "Live Chess"]
[Site "Chess.com"]
[Date "2024.06.02"]
[Round "-"]
[White "KyryloPoluliakh"]
[Black "V1nas"]
[Result "1-0"]
[WhiteElo "1531"]
[BlackElo "1317"]
[TimeControl "300"]
[EndTime "8:41:04 PDT"]
[Termination "KyryloPoluliakh won by resignation"]

1. c4 e6 2. Nf3 d5 3. cxd5 exd5 4. g3 Nf6 5. d4 c6 6. Bg2 Bg4 7. Nc3 Bb4 8. O-O O-O 9. a3 Bd6 10. b4 a5 11. b5 Re8 12. bxc6 bxc6 13. e3 Ne4 14.
Nxe4 dxe4 15. Qc2 exf3 16. Bh1 h5 17. Re1 h4 18. h3 Bxh3 19. Bxf3 hxg3 20. Bxc6 gxf2+ 21. Kxf2 Nxc6 22. Qxc6 Qf6+ 23. Ke2 Rac8 24. Qh1 Rc2+ 25.
Kd1 Qf5 26. Qxh3 Qxh3 27. Kxc2 Rc8+ 28. Kd3 Qg2 29. Bd2 a4 30. Rg1 Qc6 31. Rac1 Qa6+ 32.
Ke4 Rxc1 33. Rxc1 Qa5 34. Bxa5 1-0

[Event "Live Chess"]
[Site "Chess.com"]
[Date "2024.06.02"]
[Round "-"]
[White "MagnersCarlsberg2870"]
[Black "friarnator"]
[Result "0-1"]
[WhiteElo "1753"]
[BlackElo "2204"]
[TimeControl "300"]
[EndTime "8:41:04 PDT"]
[Termination "friarnator won by resignation"]

1. d4 Nf6 2. Nf3 b6 3. e3 Bb7 4. Bd3 e6 5. Nbd2 Be7 6. Qe2 O-O 7. c3 d5 8. O-O h6 9. e4 dxe4 10.
Nxe4 Nbd7 11. Nxf6+ Nxf6 12. Re1 c5 13. Be3 Rc8 14. Rad1 Qd5 15. Bc4 Qc6 16. Bb5 Qc7 17. Ne5 Nd5 18. Qg4 Nxe3 19. Rxe3 Bd6 20. f4 Bxe5 21.
fxe5 cxd4 22. Rg3 g6 23. Bd3 g5 24. cxd4 f5 25. exf6 Rxf6 26. h4 Qg7 27. hxg5 hxg5 28.
Be4 Bxe4 29. Qxe4 Rcf8 30. d5 e5 31. d6 Rd8 32. Qd5+ Kf8 33. Kh2 Rfxd6 34. Qxd6+ Rxd6 35. Rxd6 e4 36. Rd5 Qxb2 37. Rdxg5 Qxa2 38. Rg7 e3 39. Rxe3 Kxg7 0-1

[Event "Live Chess"]
[Site "Chess.com"]
[Date "2024.06.02"]
[Round "-"]
[White "gmnorfolk"]
[Black "ACM42"]
[Result "1-0"]
[WhiteElo "2129"]
[BlackElo "2148"]
[TimeControl "300"]
[EndTime "8:41:23 PDT"]
[Termination "gmnorfolk won on time"]

1. e4 e6 2. d4 d5 3. Nd2 Nf6 4.
e5 Nfd7 5. Bd3 c5 6. c3 Nc6 7. Ne2 f6 8. Nf4 cxd4 9. cxd4 Nxd4 10.
Qh5+ Ke7 11. exf6+ Nxf6 12. Ng6+ hxg6 13. Qxh8 Kf7 14.
Qh4 e5 15. O-O Bd6 16. Nf3 Nxf3+ 17. gxf3 Bf5 18. Bxf5 gxf5 19. Qg5 f4 20. Kh1 Qd7 21. Rg1 Rg8 22. Qg6+ Kf8 23. Bd2 Qh3 24. Qg2 Qxg2+ 25. Rxg2 Kf7 26. Rc1 Rd8 27. Rcg1 Rg8 28. Rg6 Bc5 29.
R1g2 b6 30. b4 Bd6 31. Rg1 e4 32. Bc3 Be7 33. R6g5 exf3 34. Bxf6 Bxf6 35. Rxd5 Rc8 36. Rd3 g5 37. Rxf3 Rc4 38. Rb1 Rc2 39. h4 Rxa2 40. hxg5 Bxg5 41. Rg1 Kf6 42. Rc1 a5 43. Rc6+ Kf5 44.
bxa5 bxa5 45. Rc5+ Kg4 46. Kg2 Ra1 47. Rd3 a4 48. f3+ Kh4 49. Rd2 Bf6 50. Rf5 1-0

[Event "Live Chess"]
[Site "Chess.com"]
[Date "2024.06.02"]
[Round "-"]
[White "HoarseyHorsey"]
[Black "Rusty_Bridges"]
[Result "1/2-1/2"]
[WhiteElo "1570"]
[BlackElo "1483"]
[TimeControl "300"]
[EndTime "8:41:28 PDT"]
[Termination "Game drawn by repetition"]

1. d4 d5 2. c4 e5 3. dxe5 d4 4. Nf3 Nc6 5. Nbd2 Nge7 6. h3 Ng6 7. g3 Ngxe5 8. Bg2 Be6 9. b3 Bb4 10. O-O Qd7 11. a3 Bxd2 12. Bxd2 Bxh3 13. Bf4 Nxf3+ 14. exf3 Bxg2 15. Kxg2 O-O-O 16. b4 f6 17. b5 Ne5 18. a4 g5 19. Bxe5 fxe5 20. c5 Qf5 21. a5 h5 22.
b6 cxb6 23. cxb6 a6 24. Rc1+ Kb8 25. Qe2 h4 26. g4 h3+ 27. Kh2 Qf4+ 28. Kh1 Rdf8 29. Rc5 Re8 30. Re1 Rhf8 31. Rxe5 Rxe5 32. Qxe5+ Qxe5 33. Rxe5 Kc8 34. Rxg5 Rxf3 35. Rd5 Rxf2 36. Rxd4 Rg2 37. Rf4 Rg3 38. Kh2 Ra3 39. Rf5 Kd7 40. Rd5+ Ke6 41. Rf5 Rb3 42. Rc5 Kd6 43. Rf5 Ke6 44.
Rh5 Ra3 45. Rf5 Kd6 46. Rh5 Ke6 47. Rf5 1/2-1/2

[Event "Live Chess"]
[Site "Chess.com"]
[Date "2024.06.02"]
[Round "-"]
[White "matt1979"]
[Black "willc-h99"]
[Result "0-1"]
[WhiteElo "1404"]
[BlackElo "2546"]
[TimeControl "300"]
[EndTime "8:41:32 PDT"]
[Termination "willc-h99 won by resignation"]

1. f4 d6 2. Nf3 e5 3. fxe5 dxe5 4. e4 Nc6 5. Bb5 Bc5 6. c3 Ne7 7. d4 exd4 8. cxd4 Bb4+ 9. Nc3 O-O 10. Bxc6 Nxc6 11.
O-O Bg4 12. d5 Ne5 13. h3 Nxf3+ 14. gxf3 Bxh3 15. Kh2 Qh4 0-1

[Event "Live Chess"]
[Site "Chess.com"]
[Date "2024.06.02"]
[Round "-"]
[White "santhoshrlokesh"]
[Black "Queensandpawns"]
[Result "0-1"]
[WhiteElo "1510"]
[BlackElo "2244"]
[TimeControl "300"]
[EndTime "8:41:39 PDT"]
[Termination "Queensandpawns won by checkmate"]

1. d4 e5 2. dxe5 Nc6 3. e3 Nxe5 4. Nc3 Nf6 5. e4 Bb4 6. Bg5 h6 7. Bh4 g5 8. Bg3 Nxe4 9. Bxe5 Qe7 10. Bxh8 Nxc3+ 11. Qe2 Nxe2+ 12. Kd1 Nxg1 13. Rxg1 Qe1# 0-1

[Event "Live Chess"]
[Site "Chess.com"]
[Date "2024.06.02"]
[Round "-"]
[White "CarmelJane"]
[Black "StoreySniper"]
[Result "0-1"]
[WhiteElo "2042"]
[BlackElo "2476"]
[TimeControl "300"]
[EndTime "8:41:40 PDT"]
[Termination "StoreySniper won by resignation"]

1. Nf3 g6 2. g3 Bg7 3. Bg2 c5 4. O-O Nc6 5. c4 d6 6. Nc3 Nf6 7. d3 O-O 8. Rb1 Bd7 9. a3 Ng4 10. Nd5 e6 11. Ne3 Nge5 12. b4 Rb8 13. bxc5 dxc5 14.
Nxe5 Bxe5 15. Ng4 Bg7 16. Nh6+ Kh8 17. Qc2 Nd4 18. Qd1 Bc6 19. Bxc6 Nxc6 20. Ng4 h5 21. Ne3 Nd4 22. Ng2 b6 23. h4 Nf5 24. Bg5 Qd6 25.
Qd2 Rfe8 26. Ne3 Nd4 27. Nc2 Nf5 28. Bf4 e5 29. Bg5 e4 30. Ne3 Nd4 31. Nd5 Qe6 32. Nc7 Qh3 33. Nxe8 Nf3+ 34. exf3 exf3 0-1

[Event "Live Chess"]
[Site "Chess.com"]
[Date "2024.06.02"]
[Round "-"]
[White "Trendle"]
[Black "lateforthesky"]
[Result "1-0"]
[WhiteElo "2599"]
[BlackElo "2071"]
[TimeControl "300"]
[EndTime "8:41:41 PDT"]
[Termination "Trendle won by resignation"]

1. d4 Nf6 2. c4 g6 3. Nc3 Bg7 4.
Nf3 d6 5. Bf4 O-O 6. h3 c5 7. d5 Na6 8. e3 Nc7 9. Be2 a6 10. a4 b6 11. O-O Rb8 12. Bh2 Bd7 13.
e4 b5 14. axb5 axb5 15. e5 dxe5 16. Nxe5 bxc4 17. Nxc4 Rb4 18. d6 Ne6 19. Ra7 Nd4 20. Bd3 Re8 21. dxe7 Rxe7 22. Qa1 Bc6 23. Rxe7 Qxe7 24.
Bd6 Qe6 25. Re1 1-0

[Event "Live Chess"]
[Site "Chess.com"]
[Date "2024.06.02"]
[Round "-"]
[White "jumush"]
[Black "stevochess11"]
[Result "0-1"]
[WhiteElo "1732"]
[BlackElo "1707"]
[TimeControl "300"]
[EndTime "8:41:45 PDT"]
[Termination "stevochess11 won by checkmate"]

1. e4 c5 2. Nc3 g6 3. d4 cxd4 4. Qxd4 Nf6 5. e5 Nc6 6. Qe3 Ng4 7. Qe2 Ngxe5 8. Bf4 Bg7 9. O-O-O Qa5 10. Kb1 O-O 11.
Nf3 d6 12. Nxe5 Nxe5 13. Qd2 Be6 14. Bh6 Rac8 15. Bxg7 Kxg7 16. f4 Nd7 17. Bd3 Rc6 18. h3 Rfc8 19. g4 Rxc3 20. bxc3 Qxa2+ 21. Kc1 Qa1# 0-1

[Event "Live Chess"]
[Site "Chess.com"]
[Date "2024.06.02"]
[Round "-"]
[White "Bradfield133"]
[Black "TigerTank70"]
[Result "0-1"]
[WhiteElo "1819"]
[BlackElo "2177"]
[TimeControl "300"]
[EndTime "8:41:52 PDT"]
[Termination "TigerTank70 won on time"]

1. c4 e5 2. g3 Nc6 3. Bg2 d6 4. Nc3 Be7 5. e3 Nf6 6. Nge2 Bg4 7. h3 Bf5 8. d3 Qc8 9. g4 Bd7 10. Nd5 h5 11. f3 Nxd5 12. cxd5 Nb4 13. Qb3 a5 14. a3 Na6 15. d4 Bh4+ 16. Kf1 e4 17. gxh5 exf3 18. Bxf3 Bxh3+ 19. Kg1 Qf5 20. e4 Qd7 21. Nf4 a4 22. Qe3 Bg5 23. Qf2 Bg4 24. Qg3 Bxf3 25. Qxf3 Bf6 26. Be3 c6 27. h6 gxh6 28. Nh5 Rg8+ 29. Kf1 Be7 30. Nf6+ Bxf6 31. Qxf6 Qe7 32. Qxe7+ Kxe7 33. Rxh6 cxd5 34.
exd5 Nc7 35. Bf4 Rg6 36. Rh5 Rag8 37. Re1+ Kd7 38. Bh2 Rf6+ 0-1

[Event "Live Chess"]
[Site "Chess.com"]
[Date "2024.06.02"]
[Round "-"]
[White "best137"]
[Black "FREDERICKtheMATE"]
[Result "0-1"]
[WhiteElo "1524"]
[BlackElo "2663"]
[TimeControl "300"]
[EndTime "8:42:01 PDT"]
[Termination "FREDERICKtheMATE won by checkmate"]

1. c4 c6 2. Nc3 d5 3. d4 Nf6 4. Nf3 e6 5. Bg5 Nbd7 6. e4 dxe4 7. Nxe4 Bb4+ 8. Nfd2 h6 9. Nxf6+ Nxf6 10. Bh4 Qxd4 11. Bxf6 Qxf6 12. Be2 Qxb2 13. Rb1 Bxd2+ 14. Qxd2 Qxb1+ 15. Bd1 Qe4+ 16. Be2 Qxg2 17. Rf1 O-O 18. f4 e5 19. f5 f6 20. Rf2 Qg1+ 21. Rf1 Qd4 22. Qc1 b6 23. Rf3 Ba6 24. Rg3 Kh8 25.
Rh3 Qg1+ 26. Bf1 Qg5 27. Qa3 Rad8 28. Rg3 Qd2# 0-1

[Event "Live Chess"]
[Site "Chess.com"]
[Date "2024.06.02"]
[Round "-"]
[White "nitrofish07"]
[Black "mychess51"]
[Result "0-1"]
[WhiteElo "2082"]
[BlackElo "1753"]
[TimeControl "300"]
[EndTime "8:42:07 PDT"]
[Termination "mychess51 won by resignation"]

1. d4 e6 2. c4 d5 3. g3 Nf6 4. Bg2 Be7 5. Nf3 O-O 6. O-O c5 7. cxd5 cxd4 8. Nxd4 Nxd5 9. Nb3 Nc6 10. e4 Ndb4 11. Qe2 Qc7 12. a3 Na6 13. Bf4 Qb6 14. N1d2 e5 15. Be3 Qc7 16. Rac1 Be6 17. Kh1 Rfd8 18. Rfd1 g6 19. Nc5 Nxc5 20. Bxc5 Bxc5 21.
Rxc5 Qb6 22. b4 a5 23. Qb5 Qxb5 24. Rxb5 axb4 25. axb4 Ra2 26. Rxb7 Raxd2 27. Rxd2 Rxd2 28. h4 Rxf2 29. b5 Nd4 30. b6 Rb2 31. Rb8+ Kg7 32. Bf1 Nf3 33. Bg2 Rb1+ 34. Bf1 Bh3 0-1

[Event "Live Chess"]
[Site "Chess.com"]
[Date "2024.06.02"]
[Round "-"]
[White "GEMdzq"]
[Black "RichardABates"]
[Result "1-0"]
[WhiteElo "2279"]
[BlackElo "2364"]
[TimeControl "300"]
[EndTime "8:42:36 PDT"]
[Termination "GEMdzq won on time"]

1. e4 c5 2. d4 cxd4 3. c3 Nf6 4. e5 Nd5 5. Qxd4 e6 6. Bd3 Nc6 7. Qe4 f5 8. exf6 Nxf6 9. Qh4 Be7 10. Nf3 O-O 11. Bg5 h6 12. Bxf6 Bxf6 13. Qe4 d5 14. Qh7+ Kf7 15. Qg6+ Ke7 16. Nbd2 e5 17. c4 d4 18. O-O Be6 19. Rfe1 Kd7 20. Bf5 Bxf5 21. Qxf5+ Kc7 22. Rab1 Qd7 23. Qe4 a5 24. a3 a4 25. c5 g5 26. Nc4 Rae8 27. b4 g4 28. Nfd2 Bg5 29. b5 Bxd2 30. Nxd2 Rf4 31. bxc6 Rxe4 32.
cxd7 Rxe1+ 33. Rxe1 Kxd7 34. Ne4 Kc6 35. Rb1 Re7 36.
Kf1 Kd5 37. f3 gxf3 38. gxf3 Rf7 39. Ke2 h5 40. Rb6 h4 41. Rd6+ Kc4 42. Rd8 Rg7 43. h3 Rg2+ 44. Nf2 Kxc5 45. Re8 Kd5 46. Rb8 Kc6 47.
Rh8 d3+ 48. Ke3 d2 49. Rd8 1-0

[Event "Live Chess"]
[Site "Chess.com"]
[Date "2024.06.02"]
[Round "-"]
[White "missedJariChance"]
[Black "joellloyd"]
[Result "1-0"]
[WhiteElo "1380"]
[BlackElo "1855"]
[TimeControl "300"]
[EndTime "8:42:37 PDT"]
[Termination "missedJariChance won by resignation"]

1. b3 Nf6 2. Bb2 c6 3. e3 d5 4.
Nf3 Bg4 5. Be2 e6 6. c4 Bd6 7. h3 Bxf3 8. Bxf3 Nbd7 9. cxd5 cxd5 10. d3 O-O 11. Nd2 Be5 12. d4 Bd6 13. O-O Rc8 14.
Re1 e5 15. dxe5 Bxe5 16. Bxe5 Nxe5 17. Be2 Ne4 18. Nf3 Nc3 19. Qd2 Nxe2+ 20. Qxe2 Re8 21. Nd4 Nc6 22. Qg4 Re4 23. Qf3 Nxd4 24. exd4 Rxd4 25.
Re5 h6 26. Rae1 Qd6 27. Re7 Rf4 28. Qd3 Qb6 29. Re8+ 1-0

[Event "Live Chess"]
[Site "Chess.com"]
[Date "2024.06.02"]
[Round "-"]
[White "davigator"]
[Black "degringolade64"]
[Result "1-0"]
[WhiteElo "2340"]
[BlackElo "2080"]
[TimeControl "300"]
[EndTime "8:42:45 PDT"]
[Termination "davigator won by checkmate"]

1. e4 c6 2. d4 d5 3. e5 Bf5 4.
Nf3 e6 5. Be2 Ne7 6. O-O Nd7 7.
Be3 Ng6 8. Nbd2 f6 9. exf6 Qxf6 10. c4 Bd6 11. Qb3 Rb8 12. Rfe1 O-O 13. h3 Nf4 14. Bf1 Kh8 15. Kh1 Bc7 16. Qa3 dxc4 17. Nxc4 Nxh3 18. gxh3 Be4 19. Nd2 Bxf3+ 20. Nxf3 Qxf3+ 21. Bg2 Qh5 22. Qe7 Rbd8 23. Qxe6 Nf6 24. Qc4 Nd5 25. Qe2 Qg6 26. Qg4 Qd6 27. Kg1 Nxe3 28.
Rxe3 Qh2+ 29. Kf1 Rde8 30. Rae1 Rxe3 31. Rxe3 Bf4 32. Re7 Bg3 33. Qxg7# 1-0

[Event "Live Chess"]
[Site "Chess.com"]
[Date "2024.06.02"]
[Round "-"]
[White "f4nomore"]
[Black "kylet1990"]
[Result "1-0"]
[WhiteElo "1294"]
[BlackElo "780"]
[TimeControl "300"]
[EndTime "8:42:52 PDT"]
[Termination "f4nomore won by resignation"]

1. Nc3 e5 2. e3 Nc6 3. g3 Bc5 4. Bg2 Nf6 5. Nge2 O-O 6. O-O d5 7. d4 Bb6 8. dxe5 Nxe5 9. Nxd5 Nxd5 10. Qxd5 Qxd5 11. Bxd5 c6 12. Bg2 Bf5 13. c3 Rfd8 14. Nd4 Bxd4 15. exd4 Nc4 16. b3 Nd6 17. Bf4 Bd3 18.
Rfe1 Nf5 19. Be4 Bxe4 20. Rxe4 h6 21. Rae1 g5 22. Bc1 f6 23. Re6 Rf8 24. R1e4 Ng7 25. Re7 Rae8 26. Be3 Rxe7 27. Rxe7 Nf5 28. Rxb7 Re8 29.
Rxa7 Nxe3 30. fxe3 Rxe3 31. Kf2 Rxc3 32. Ra8+ Kg7 33. b4 Rc2+ 34. Ke3 Rxh2 35. Ra7+ Kg6 36.
Ke4 Re2+ 37. Kd3 Re6 38. a4 Kf5 39. b5 cxb5 40. axb5 Rb6 41. Ra5 h5 42. Kc4 h4 43.
gxh4 gxh4 44. Kc5 Rb8 45. b6 h3 46. Kc6+ Ke4 47. Rh5 f5 48. Rxh3 Rf8 49. Kc7 f4 50. b7 f3 51. b8=Q Rxb8 52. Kxb8 Ke3 53. d5 Ke2 54. Rxf3 Kxf3 55. d6 1-0

[Event "Live Chess"]
[Site "Chess.com"]
[Date "2024.06.02"]
[Round "-"]
[White "JanMur7"]
[Black "RamsayFlayer"]
[Result "1-0"]
[WhiteElo "2274"]
[BlackElo "1946"]
[TimeControl "300"]
[EndTime "8:43:13 PDT"]
[Termination "JanMur7 won by checkmate"]

1. c4 e5 2. Nf3 Nc6 3. e4 Nf6 4. Nc3 Bc5 5. Nxe5 Nxe5 6. d4 Bd6 7. c5 Bxc5 8. dxe5 Ng8 9. Qg4 g6 10. Qf3 Qe7 11. Bc4 c6 12. O-O b5 13. Bb3 Bb7 14. Rd1 O-O-O 15. Qxf7 Qxe5 16. Bf4 Qf6 17.
Qxf6 Nxf6 18. Rac1 Ng4 19. Bg3 Rhf8 20. Rd2 Rf6 21. Nxb5 Bb4 22. Nxa7# 1-0

[Event "Live Chess"]
[Site "Chess.com"]
[Date "2024.06.02"]
[Round "-"]
[White "Dashman93"]
[Black "upoe610"]
[Result "0-1"]
[WhiteElo "2149"]
[BlackElo "2155"]
[TimeControl "300"]
[EndTime "8:43:21 PDT"]
[Termination "upoe610 won by resignation"]

1. e4 e5 2. Nf3 Nc6 3. Bb5 a6 4. Ba4 Nf6 5. d3 b5 6. Bb3 Bc5 7. c3 d6 8. h3 h6 9. Nbd2 Ba7 10.
Nf1 Be6 11. Be3 Bxb3 12. axb3 d5 13. Bxa7 Rxa7 14. Ng3 d4 15. O-O Qd6 16. Nf5 Qd7 17.
Nxg7+ Kf8 18. Nf5 Rg8 19. Nxh6 Rg6 20. Nf5 Ne7 21. N3h4 Rg5 22. cxd4 exd4 23. f4 Rg8 24. Kh1 Nxf5 25. Nxf5 c5 26. Qf3 Rh8 27. Rae1 Rc7 28. g4 c4 29. bxc4 bxc4 30. e5 Nd5 31. dxc4 Rxc4 32.
Nd6 Rc2 33. Rf2 Rxf2 34. Qxf2 Qxg4 0-1

[Event "Live Chess"]
[Site "Chess.com"]
[Date "2024.06.02"]
[Round "-"]
[White "viktor_forever1994"]
[Black "booktrunk"]
[Result "1-0"]
[WhiteElo "1386"]
[BlackElo "1473"]
[TimeControl "300"]
[EndTime "8:43:34 PDT"]
[Termination "viktor_forever1994 won by resignation"]

1. e4 b6 2. d4 Bb7 3. Nc3 e6 4.
Nf3 h6 5. Bc4 Nf6 6. O-O Nxe4 7.
Nxe4 Bxe4 8. Re1 Bb7 9. a3 Be7 10. d5 O-O 11. Bf4 exd5 12. Bxd5 Bxd5 13. Qxd5 c6 14.
Qe4 Bf6 15. c3 Na6 16. Rad1 Nc5 17. Qc2 Re8 18. Bd6 Rxe1+ 19. Rxe1 Ne6 20. Ne5 c5 21. Qd3 Nf4 22. Qd2 Ng6 23. Nxg6 fxg6 24. Bc7 Qxc7 25. Qd5+ Kh7 26. Qxa8 Be5 27. h3 g5 28. Qe4+ g6 29.
Qxe5 d6 30. Qe7+ Qxe7 31. Rxe7+ 1-0

[Event "Live Chess"]
[Site "Chess.com"]
[Date "2024.06.02"]
[Round "-"]
[White "goldinspiredphoenix"]
[Black "Inglaterra"]
[Result "0-1"]
[WhiteElo "1459"]
[BlackElo "2048"]
[TimeControl "300"]
[EndTime "8:43:35 PDT"]
[Termination "Inglaterra won on time"]

1. d4 d5 2. c4 e6 3. Nc3 Nf6 4.
Bf4 a6 5. Nf3 Bd6 6. Bxd6 Qxd6 7. e3 O-O 8. Be2 dxc4 9. Bxc4 b5 10. Bb3 Bb7 11. O-O Nbd7 12. Qe2 e5 13. dxe5 Nxe5 14. Rad1 Nxf3+ 15. gxf3 Qe5 16. f4 Qf5 17. f3 Rae8 18.
Qf2 c5 19. Bc2 Qh5 20. e4 g6 21. a3 Rd8 22. e5 Nd5 23. Nxd5 Bxd5 24. Qg3 Rfe8 25.
f5 Bc4 26. Rfe1 Qh6 27. f4 Qh5 28. Rxd8 Rxd8 29. b3 Bd5 30. e6 fxe6 31. fxe6 Bc6 32. e7 Re8 33. Bd1 Qd5 34. Bg4 Qd4+ 35. Qe3 Rxe7 36.
Qxd4 Rxe1+ 37. Kf2 cxd4 38. Kxe1 Bd5 39. Kd2 Bxb3 40.
Kd3 Kf7 41. Kxd4 Kf6 42. Kc5 Bc4 43. Kb6 h5 44. Bh3 Ke7 45. Bc8 Kd6 46. Bxa6 Kd5 47. Bxb5 Bb3 48. Bc6+ Kd4 49. a4 Ke3 50. a5 Bc4 51. a6 Bxa6 52. Kxa6 Kxf4 53. Kb7 Kg4 54. Bg2 h4 55. Be4 h3 56. Bxg6 Kf3 57. Bf5 Kg2 0-1

[Event "Live Chess"]
[Site "Chess.com"]
[Date "2024.06.02"]
[Round "-"]
[White "E2E4colchester"]
[Black "TheSmoulderingMaster"]
[Result "0-1"]
[WhiteElo "1006"]
[BlackElo "1785"]
[TimeControl "300"]
[EndTime "8:43:57 PDT"]
[Termination "TheSmoulderingMaster won by resignation"]

1. d4 Nf6 2. c4 d6 3. Nc3 g6 4.
e4 Bg7 5. Nf3 O-O 6. Be3 c6 7. Bd3 Qa5 8. Qd2 Nbd7 9. O-O Re8 10. Rfe1 e5 11. d5 Qd8 12. dxc6 bxc6 13. b3 c5 14. Nb5 Nb8 15. Bc2 Bf8 16. Red1 Bb7 17. Qd3 Nc6 18. Nxd6 Nb4 19. Nxb7 Qc7 20. Qc3 Qxb7 21. a4 Nxe4 22. Qd3 Nxd3 0-1

[Event "Live Chess"]
[Site "Chess.com"]
[Date "2024.06.02"]
[Round "-"]
[White "gmnorfolk"]
[Black "Rusty_Bridges"]
[Result "1-0"]
[WhiteElo "2129"]
[BlackElo "1482"]
[TimeControl "300"]
[EndTime "8:44:04 PDT"]
[Termination "gmnorfolk won by resignation"]

1. d4 d5 2. Nf3 Nc6 3. Bf4 Nf6 4. e3 Bg4 5. Be2 e6 6. Nbd2 Bd6 7. Bg3 Bxg3 8. hxg3 Qd7 9. c3 O-O-O 10. Qa4 Kb8 11. Bb5 a6 12. Bxc6 Qxc6 13. Qxc6 bxc6 14. Ne5 Rd7 15. Nxd7+ Nxd7 16. f3 Bf5 17. e4 dxe4 18.
fxe4 Bg4 19. Nf3 h5 20. Nh2 f5 21. Nxg4 fxg4 22. O-O Nf6 23. Rae1 Rd8 24. e5 Nd5 25. Rf7 Rg8 26. Ref1 Kb7 27. Rf8 Rxf8 28. Rxf8 1-0

[Event "Live Chess"]
[Site "Chess.com"]
[Date "2024.06.02"]
[Round "-"]
[White "upoe610"]
[Black "JanMur7"]
[Result "1-0"]
[WhiteElo "2166"]
[BlackElo "2263"]
[TimeControl "300"]
[EndTime "8:44:08 PDT"]
[Termination "upoe610 won by resignation"]

1. c4 c5 2. g3 Nc6 3. Bg2 g6 4. Nc3 Bg7 5. Nf3 e6 6. d4 cxd4 7. Nb5 d5 8. cxd5 Qxd5 9. Nc7+ Kf8 10. Nxd5 d3 11. Qxd3 1-0

[Event "Live Chess"]
[Site "Chess.com"]
[Date "2024.06.02"]
[Round "-"]
[White "JohanKjeldahl"]
[Black "MagnersCarlsberg2870"]
[Result "1-0"]
[WhiteElo "1817"]
[BlackElo "1746"]
[TimeControl "300"]
[EndTime "8:44:12 PDT"]
[Termination "JohanKjeldahl won by resignation"]

1. c4 e5 2. Nc3 Bb4 3. Nd5 Ba5 4. e3 c6 5. Nc3 Bxc3 6. dxc3 d6 7. Nf3 f6 8. Be2 Bf5 9. O-O Ne7 10. Qb3 b6 11. Rd1 Be6 12. e4 O-O 13. Qc2 f5 14. Nxe5 Qc7 15.
Nf3 fxe4 16. Qxe4 Bf5 17. Qh4 Ng6 18. Qg3 Rd8 19. Bg5 Rd7 20. Nd4 Bc2 21. Nxc2 1-0

[Event "Live Chess"]
[Site "Chess.com"]
[Date "2024.06.02"]
[Round "-"]
[White "HoarseyHorsey"]
[Black "willc-h99"]
[Result "0-1"]
[WhiteElo "1570"]
[BlackElo "2546"]
[TimeControl "300"]
[EndTime "8:44:19 PDT"]
[Termination "willc-h99 won by resignation"]

1. d4 c6 2. c4 g6 3. Nf3 Bg7 4.
Nc3 a6 5. e4 b5 6. cxb5 axb5 7.
Bd3 d6 8. O-O Nf6 9. Bg5 O-O 10.
e5 dxe5 11. dxe5 Ng4 12. h3 Nxe5 13. Nxe5 Bxe5 14. Re1 Bf6 15. Bh6 Re8 16. Qf3 Bb7 17.
Rad1 Nd7 18. Ne4 Bxb2 19. Rd2 Bf6 20. Red1 Ne5 21. Nxf6+ exf6 22. Qxf6 Qxf6 0-1

[Event "Live Chess"]
[Site "Chess.com"]
[Date "2024.06.02"]
[Round "-"]
[White "ACM42"]
[Black "KyryloPoluliakh"]
[Result "1-0"]
[WhiteElo "2148"]
[BlackElo "1531"]
[TimeControl "300"]
[EndTime "8:44:42 PDT"]
[Termination "ACM42 won by checkmate"]

1. e4 c5 2. Nf3 Nc6 3. d4 cxd4 4. Nxd4 g6 5. Nc3 Bg7 6. Be3 Nf6 7. Nxc6 bxc6 8. e5 Ng8 9. f4 d6 10. Qf3 dxe5 11.
Rd1 Qc7 12. Nb5 Qb7 13. Nxa7 Rxa7 14. Bxa7 Qxa7 15. Qxc6+ Bd7 16. Rxd7 Qxd7 17. Qa8+ Qd8 18. Bb5+ Kf8 19. Qxd8# 1-0

[Event "Live Chess"]
[Site "Chess.com"]
[Date "2024.06.02"]
[Round "-"]
[White "kylet1990"]
[Black "BigAl"]
[Result "0-1"]
[WhiteElo "780"]
[BlackElo "2539"]
[TimeControl "300"]
[EndTime "8:44:57 PDT"]
[Termination "BigAl won by resignation"]

1. e4 e6 2. d4 b6 3. Nf3 Bb7 4. Nc3 h6 5. Bc4 d6 6. d5 e5 7. Be3 a6 8. O-O Nd7 9. h3 Ne7 10. Nd2 g5 11. f4 gxf4 12. Bxf4 exf4 13. Rxf4 Ng6 14. Rf5 Bg7 15. Qf3 Nde5 16. Rxe5+ Nxe5 17. Qd3 Nxd3 0-1

[Event "Live Chess"]
[Site "Chess.com"]
[Date "2024.06.02"]
[Round "-"]
[White "OnlyTheHurf"]
[Black "elephantgerrald"]
[Result "1-0"]
[WhiteElo "1131"]
[BlackElo "892"]
[TimeControl "300"]
[EndTime "8:45:01 PDT"]
[Termination "OnlyTheHurf won by checkmate"]

1. c4 e5 2. g3 Nf6 3. Nc3 Bb4 4. Bg2 Bxc3 5. dxc3 Nc6 6. Nf3 O-O 7. Bg5 d6 8. Qc2 h6 9. Bxf6 Qxf6 10. b4 a6 11. b5 axb5 12. cxb5 Na5 13. a4 c6 14.
bxc6 Nxc6 15. O-O Bf5 16. Qb3 Rab8 17. a5 Qe6 18. Qb6 Be4 19. a6 bxa6 20. Qxa6 Qc8 21. Qxc8 Rbxc8 22. Ra4 Bxf3 23. Bxf3 Ne7 24. Rc1 Ng6 25. c4 Ne7 26. Ra5 f6 27. c5 Nf5 28.
Bg4 Nd4 29. Bxc8 Nxe2+ 30. Kg2 Nxc1 31. Be6+ Kh7 32. cxd6 Rd8 33. Rc5 Rxd6 34. Rxc1 Rxe6 35. h4 g5 36. Rc7+ Kg6 37. Kh3 gxh4 38. gxh4 h5 39. Rc8 f5 40. Rg8+ Kh6 41. Rh8+ Kg6 42. Rg8+ Kf7 43.
Rg5 Ra6 44. Rxf5+ Kg6 45. Rxe5 Ra3+ 46. Re3 Rxe3+ 47. fxe3 Kf5 48. Kg3 Ke4 49. Kf2 Ke5 50. Kf3 Kf5 51. e4+ Ke5 52. Ke3 Kf6 53. Kf4 Kg6 54. e5 Kf7 55. Kf5 Ke7 56. e6 Kf8 57.
Kf6 Ke8 58. e7 Kd7 59. Kf7 Kc6 60. e8=Q+ Kd5 61. Kf6 Kc4 62. Qxh5 Kd3 63. Qg5 Kc3 64.
h5 Kb4 65. h6 Kc4 66. h7 Kb4 67. h8=Q Kc3 68. Qe8 Kb3 69. Kg7 Kc4 70. Qgd8 Kc5 71. Qdd7 Kb6 72. Qec8 Ka5 73. Qd1 Kb5 74. Qb1+ Ka5 75.
Qa8# 1-0